[Event "Titled Tuesday Blitz April 19 Late 2022"]
[White "Santiago, Yago De Moura"]
[Black "Saldano Dayer, Horacio"]
[WhiteFideId "2103877"]
[BlackFideId "103411"]
[WhiteElo "2475"]
[BlackElo "2419"]
[Result "0-1"]
[Round "04"]
[TimeControl "180+1"]
[Date "2022.04.19"]
[WhiteClock "0:00:27"]
[BlackClock "0:00:26"]

1. e4 d6 2. d4 Nf6 3. Nc3 e5 4. Nf3 Nbd7 5. Bc4 Be7 6. O-O Nb6 7. Bb3 exd4 8. Qxd4 O-O 9. Bg5 a5 10. a4 Nfd7 11. Be3 Nc5 12. Ba2 Bd7 13. b3 Bf6 14. e5 Ne6 15. Qe4 Bc6 16. Qf5 dxe5 17. Nxe5 g6 18. Nxc6 bxc6 19. Qh3 Bxc3 20. Bxb6 Bxa1 21. Be3 Bd4 22. Bh6 Bg7 23. Bc1 Qd4 24. b4 axb4 25. Bb3 Nc5 26. Be3 Qd6 27. Bc4 h5 28. Qf3 Nxa4 29. h3 Nc3 30. g4 hxg4 31. hxg4 Nd5 32. Bc1 Ra3 33. Bb3 Qf6 34. Qg3 Ra1 35. Kg2 Rxc1 36. Rxc1 Qf4 37. Qxf4 Nxf4+ 38. Kf3 g5 39. Rd1 Be5 40. Rd7 Bd6 41. Ba4 c5 42. Bb3 Kg7 43. Ke4 Kf6 44. f3 Re8+ 0-1


[Site "https://www.chess.com"]

[Event "Titled Tuesday Blitz April 19 Late 2022"]
[White "Sarkar, Justin"]
[Black "Antonova, Nadezhda"]
[WhiteFideId "2010011"]
[BlackFideId "14700182"]
[WhiteElo "2038"]
[BlackElo "1789"]
[Result "1-0"]
[Round "04"]
[TimeControl "180+1"]
[Date "2022.04.19"]
[WhiteClock "0:00:07"]
[BlackClock "0:00:09"]

1. e4 c5 2. Nf3 d6 3. d4 cxd4 4. Nxd4 Nf6 5. Nc3 a6 6. Bg5 Nbd7 7. Bc4 Qb6 8. O-O Qxb2 9. Nd5 Nxd5 10. Bxd5 e6 11. Bxe6 fxe6 12. Nxe6 Qc3 13. Nxf8 Rxf8 14. Qxd6 Qe5 15. Qd2 Nf6 16. f4 Qc5+ 17. Kh1 Nxe4 18. Rae1 Bf5 19. g4 Kf7 20. Qg2 Nxg5 21. fxg5 Kg8 22. gxf5 Rxf5 23. Rxf5 Qxf5 24. Qxb7 Rf8 25. Qe4 Qxg5 26. c4 h6 27. Qd5+ Kh7 28. Qxg5 hxg5 29. c5 Rc8 30. Rc1 Rc6 31. Kg2 Kg6 32. Kf3 Kf5 33. h3 a5 34. a4 g6 35. Kg3 Ke4 36. Kg4 Kd3 37. Kxg5 Kd2 38. Rc4 Kd3 39. Rg4 Rxc5+ 40. Kxg6 Ke3 41. h4 Kf3 42. Rg5 Rc4 43. h5 Rxa4 44. h6 Rh4 45. Rxa5 Kg4 46. h7 Rh2 47. Ra4+ Kf3 48. Kg7 Kg3 49. Kg8 Kf3 50. h8=Q Rxh8+ 51. Kxh8 Kg3 52. Kg7 Kf3 53. Kf6 Ke3 54. Ke5 Kd3 55. Rg4 Kc3 56. Kd5 Kb3 57. Kc5 Kc3 58. Rg3+ Kd2 59. Kd4 Ke1 60. Rg2 Kf1 61. Ra2 Kg1 62. Ke3 Kf1 63. Rb2 Kg1 64. Kf3 Kh1 65. Kg3 Kg1 66. Rb1# 1-0


[Site "https://www.chess.com"]

[Event "Titled Tuesday Blitz April 19 Late 2022"]
[White "Siddharth, Jagadeesh"]
[Black "Migot, Tangi"]
[WhiteFideId "5818320"]
[BlackFideId "662445"]
[WhiteElo "2709"]
[BlackElo "2534"]
[Result "0-1"]
[Round "04"]
[TimeControl "180+1"]
[Date "2022.04.19"]
[WhiteClock "0:00:08"]
[BlackClock "0:00:08"]

1. d4 Nf6 2. Nc3 d5 3. Bf4 Bf5 4. e3 c6 5. f3 e6 6. g4 Bg6 7. h4 h5 8. g5 Ng8 9. Qd2 Nd7 10. a3 b5 11. Nh3 Ne7 12. Kf2 Nf5 13. Ng1 a5 14. Bd3 b4 15. Nce2 c5 16. Bb5 cxd4 17. exd4 bxa3 18. bxa3 Be7 19. c3 O-O 20. a4 Nb6 21. Be5 Rc8 22. Nf4 Nc4 23. Bxc4 Rxc4 24. Nge2 Qd7 25. Qa2 Rfc8 26. Qb3 Bd6 27. Bxd6 Nxd6 28. Rhc1 Nf5 29. Rh1 Ne7 30. Ra2 Qd6 31. Rb2 e5 32. dxe5 Qxe5 33. Qb7 Bf5 34. Re1 Ng6 35. Qxd5 Qc7 36. Qxf5 Nxh4 37. Qd3 Rxf4 38. Nxf4 Qxf4 39. Ree2 Qh2+ 40. Ke1 Qg1+ 41. Kd2 Qc5 42. Kc2 Ng6 43. Kb1 Qxg5 44. Qe3 Qd5 45. Red2 Qc4 46. Rd4 Qf1+ 47. Ka2 h4 48. Qd2 Qxf3 49. Rd8+ Rxd8 50. Qxd8+ Kh7 51. Qd4 Qf5 52. c4 f6 53. Qd5 Qxd5 54. cxd5 Ne5 55. d6 g5 56. Rd2 g4 57. d7 Nf7 58. d8=Q Nxd8 59. Rxd8 Kg6 60. Kb3 Kf5 61. Kc3 h3 62. Kd3 g3 63. Rd5+ Kg6 64. Rd8 h2 65. Rg8+ Kh7 66. Rxg3 h1=Q 67. Kc4 Qe4+ 68. Kb5 Qe5+ 0-1


[Site "https://www.chess.com"]

[Event "Titled Tuesday Blitz April 19 Late 2022"]
[White "Sjugirov, Sanan"]
[Black "Suder, Jakub"]
[WhiteFideId "4189302"]
[BlackFideId "1195310"]
[WhiteElo "2602"]
[BlackElo "2058"]
[Result "1-0"]
[Round "04"]
[TimeControl "180+1"]
[Date "2022.04.19"]
[WhiteClock "0:00:26"]
[BlackClock "0:00:05"]

1. d4 d5 2. Nf3 e6 3. Bf4 c5 4. e3 Nc6 5. c3 Nf6 6. Nbd2 Be7 7. Bd3 Nh5 8. Be5 Nxe5 9. dxe5 g6 10. Qe2 O-O 11. h4 f5 12. exf6 Nxf6 13. h5 Nxh5 14. Ne5 Qe8 15. Qg4 Rf5 16. Nxg6 hxg6 17. Rxh5 Rxh5 18. Bxg6 Rg5 19. Qxg5 Bxg5 20. Bxe8 Kg7 21. Nf3 Bf6 22. O-O-O b6 23. Bc6 Rb8 24. e4 dxe4 25. Bxe4 Kf7 26. Rh1 Ba6 27. Rh7+ Bg7 28. Ne5+ Kg8 29. Nc6 Rf8 30. f3 Rf7 31. Rh1 Bc4 32. Kc2 Rc7 33. Rd1 Bd5 34. Nd8 Rd7 35. Bxd5 exd5 36. Ne6 Bh6 37. Rh1 Be3 38. Kd3 d4 39. cxd4 cxd4 40. Rh4 Kf7 41. Nxd4 Bg1 42. Rh7+ 1-0


[Site "https://www.chess.com"]

[Event "Titled Tuesday Blitz April 19 Late 2022"]
[White "Sliwicki, Damian"]
[Black "Maevsky, Nikolay"]
[WhiteFideId "1127128"]
[BlackFideId "4198220"]
[WhiteElo "2084"]
[BlackElo "2126"]
[Result "1/2-1/2"]
[Round "04"]
[TimeControl "180+1"]
[Date "2022.04.19"]
[WhiteClock "0:00:04"]
[BlackClock "0:00:06"]

1. e4 g6 2. d4 Bg7 3. Nc3 d6 4. Be3 a6 5. Nf3 b5 6. h4 h5 7. d5 c5 8. dxc6 Nxc6 9. Nd5 Rb8 10. c3 Nf6 11. Nxf6+ Bxf6 12. Be2 O-O 13. Ng5 Ne5 14. Bxh5 Bxg5 15. hxg5 Nc4 16. Bg4 Nxe3 17. fxe3 e6 18. Qf3 Qxg5 19. O-O-O Kg7 20. Rdf1 Bb7 21. Kb1 f5 22. Qh3 Rh8 23. Qg3 Bxe4+ 24. Ka1 Qxg4 25. Qxd6 Rxh1 26. Qe7+ Kg8 27. Rxh1 Qh5 28. Rxh5 gxh5 29. Qxe6+ Kh7 30. Qf7+ Kh8 31. Qf6+ Kh7 32. a3 Rg8 33. Qf7+ Rg7 34. Qxh5+ Kg8 35. Qe8+ Kh7 36. Qh5+ Kg8 37. g3 Rg4 38. Qe8+ Kg7 39. Qe7+ Kg8 40. Qd8+ Kg7 41. Qc7+ Kh6 42. a4 bxa4 43. Ka2 Kh5 44. Qh7+ Kg5 45. Qg7+ Kh5 46. Qf7+ Kg5 47. Qe7+ Kh5 48. Qe5 Bc2 49. Ka3 Kg5 50. Qg7+ Kh5 51. Qh7+ Kg5 52. Qg7+ Kh5 53. Qf7+ Kg5 54. Qg8+ Kh5 55. Qe8+ Kg5 56. Qe7+ Kh5 57. Qe6 Kg5 58. Qd6 Kh5 59. Qd2 Bb3 60. Qh2+ Kg5 61. Qf2 Kg6 62. Qf3 Kg5 63. Qf2 Re4 64. Qh2 Rg4 65. Qf2 1/2-1/2


[Site "https://www.chess.com"]

[Event "Titled Tuesday Blitz April 19 Late 2022"]
[White "Stanisz, Patryk"]
[Black "Bibasa, Bob"]
[WhiteFideId "1123106"]
[BlackFideId "10000240"]
[WhiteElo "1833"]
[BlackElo "2056"]
[Result "0-1"]
[Round "04"]
[TimeControl "180+1"]
[Date "2022.04.19"]
[WhiteClock "0:00:06"]
[BlackClock "0:00:08"]

1. d4 Nf6 2. c4 e6 3. Nc3 Bb4 4. Qc2 O-O 5. a3 Bxc3+ 6. Qxc3 d6 7. e3 c5 8. Nf3 Nc6 9. Be2 Qe7 10. O-O e5 11. d5 Nd8 12. Nd2 Bf5 13. b4 b6 14. Bb2 Nd7 15. e4 Bg6 16. f4 f6 17. f5 Be8 18. b5 Nb7 19. Nb3 Kh8 20. a4 g6 21. g4 g5 22. a5 Bf7 23. Bc1 Kg7 24. Be3 Rfc8 25. Kf2 Qe8 26. Ke1 h5 27. h3 h4 28. Kd2 Qf8 29. Kd3 a6 30. bxa6 Rxa6 31. axb6 Rca8 32. Rxa6 Rxa6 33. Ra1 Qa8 34. Rxa6 Qxa6 35. Qa1 Qxb6 36. Bd1 Qb4 37. Bd2 Qb6 38. Qc1 Qa6 39. Bxg5 fxg5 40. Qxg5+ Kf8 41. f6 Qa2 42. Bc2 Qb2 43. Qg7+ Ke8 44. g5 Na5 45. Nxa5 Qd4+ 46. Ke2 Qc3 47. Bd3 Qb2+ 48. Kf3 Qh2 49. g6 Qg3+ 50. Ke2 Qxg6 51. Qh8+ Qg8 52. Qxh4 Qg2+ 53. Kd1 Qg1+ 54. Kc2 Qh2+ 55. Kc3 Qf4 56. Nc6 Qxh4 57. Bc2 Qxf6 0-1


[Site "https://www.chess.com"]

[Event "Titled Tuesday Blitz April 19 Late 2022"]
[White "Suleymanli, Aydin"]
[Black "Bodi, Tibor"]
[WhiteFideId "13413937"]
[BlackFideId "701084"]
[WhiteElo "2481"]
[BlackElo "2243"]
[Result "1-0"]
[Round "04"]
[TimeControl "180+1"]
[Date "2022.04.19"]
[WhiteClock "0:00:12"]
[BlackClock "0:00:30"]

1. d4 g6 2. h4 Bg7 3. h5 d6 4. h6 Bf8 5. c4 Nd7 6. Nc3 e5 7. e4 c6 8. Nf3 Be7 9. c5 Qc7 10. cxd6 Bxd6 11. Bg5 Be7 12. dxe5 Nxe5 13. Bxe7 Kxe7 14. Qd4 f6 15. O-O-O Be6 16. Nxe5 fxe5 17. Qc5+ Kf7 18. Bc4 Nf6 19. Bxe6+ Kxe6 20. Nb5 Qb6 21. Rd6+ Kf7 22. Qc4+ Nd5 23. a4 Rac8 24. Nc3 Qb4 25. Rd7+ Ke6 26. exd5+ 1-0


[Site "https://www.chess.com"]

[Event "Titled Tuesday Blitz April 19 Late 2022"]
[White "Svane, Rasmus"]
[Black "Petrovskyi, Vadym"]
[WhiteFideId "4657101"]
[BlackFideId "14165210"]
[WhiteElo "2645"]
[BlackElo "2400"]
[Result "1-0"]
[Round "04"]
[TimeControl "180+1"]
[Date "2022.04.19"]
[WhiteClock "0:00:41"]
[BlackClock "0:00:12"]

1. Nf3 Nf6 2. g3 g6 3. Bg2 Bg7 4. O-O O-O 5. d4 d6 6. Re1 c5 7. dxc5 dxc5 8. c3 Nc6 9. Qxd8 Rxd8 10. Be3 Nd7 11. Rd1 Rb8 12. Ne1 Re8 13. Na3 Nce5 14. h3 a6 15. f4 Nc6 16. Nd3 e5 17. Kf2 Nd4 18. Nxe5 Nxe5 19. cxd4 cxd4 20. Bxd4 Nc6 21. Bxg7 Kxg7 22. Nc4 Be6 23. Nd6 Red8 24. b3 Nb4 25. Rd2 Nd5 26. Nxb7 Rxb7 27. e4 Rd6 28. exd5 Bd7 29. Rc1 a5 30. Rc4 Bb5 31. Rc5 a4 32. b4 a3 33. Rd4 Bd7 34. Rc3 Ra7 35. Rdc4 Rb6 36. Ke3 Kf6 37. Kd4 Ke7 38. Rb3 Kd6 39. g4 f6 40. Be4 Bb5 41. Rc5 Bd7 42. Bd3 h5 43. gxh5 gxh5 44. h4 Rb8 45. Be4 Rg8 46. Ra5 Rc7 47. Ra6+ Bc6 48. Rxc6+ 1-0


[Site "https://www.chess.com"]

[Event "Titled Tuesday Blitz April 19 Late 2022"]
[White "Timofeev, Artyom"]
[Black "Jaferian, Koosha"]
[WhiteFideId "4140419"]
[BlackFideId "12507440"]
[WhiteElo "2594"]
[BlackElo "2030"]
[Result "1-0"]
[Round "04"]
[TimeControl "180+1"]
[Date "2022.04.19"]
[WhiteClock "0:00:06"]
[BlackClock "0:00:02"]

1. e4 c6 2. Nf3 d5 3. Nc3 Bg4 4. h3 Bxf3 5. Qxf3 e6 6. d3 Nd7 7. Be2 Bc5 8. O-O Ne7 9. Qg3 Bd4 10. Bd1 Qb6 11. Kh1 O-O-O 12. f4 f5 13. Na4 Qc7 14. c3 Bb6 15. exd5 Nxd5 16. Nxb6+ N7xb6 17. Bf3 h6 18. Qh2 Rdg8 19. a4 g5 20. fxg5 Qxh2+ 21. Kxh2 hxg5 22. a5 Nd7 23. Kg1 g4 24. hxg4 fxg4 25. Be4 g3 26. Rf7 Ne5 27. Rh7 Rxh7 28. Bxh7 Rf8 29. a6 b6 30. d4 Ng4 31. c4 Nb4 32. Bd2 Nd3 33. Bxd3 Rf2 34. Bc3 Ne3 35. Bf1 Ng4 36. Re1 Kd7 37. Re2 Rf6 38. Re1 Nh2 39. Be2 Rf2 40. d5 exd5 41. cxd5 cxd5 42. Bd4 Rf8 43. Bb5+ Kd6 44. b4 Rf5 45. Bd3 Rf8 46. Be5+ Kd7 47. Bxg3 Ng4 48. Rc1 Rc8 49. Rxc8 Kxc8 50. Bf5+ 1-0


[Site "https://www.chess.com"]

[Event "Titled Tuesday Blitz April 19 Late 2022"]
[White "Urazayev, Arystanbek"]
[Black "Buchenau, Frank"]
[WhiteFideId "13709810"]
[BlackFideId "4604350"]
[WhiteElo "2422"]
[BlackElo "2193"]
[Result "1-0"]
[Round "04"]
[TimeControl "180+1"]
[Date "2022.04.19"]
[WhiteClock "0:01:20"]
[BlackClock "0:00:10"]

1. d4 e6 2. c4 Nf6 3. Nc3 Bb4 4. Nf3 c5 5. g3 cxd4 6. Nxd4 d5 7. Bg2 Nc6 8. O-O O-O 9. Nxc6 bxc6 10. Qa4 Bxc3 11. bxc3 Qb6 12. Ba3 Re8 13. cxd5 cxd5 14. c4 Bd7 15. Qd1 Qa6 16. Qc1 Rac8 17. c5 Qxe2 18. Bb2 Qc4 19. Qxc4 dxc4 20. Ba3 Bc6 21. Rfc1 Bd5 22. Bf1 Red8 23. Bxc4 Bxc4 24. Rxc4 Rd3 25. Bb2 Rd2 26. Bd4 Rc6 27. Rb1 h5 28. Rb8+ Kh7 29. Rb7 Rxa2 30. Rxf7 Kg6 31. Rb7 a5 32. Ra7 a4 33. Raxa4 Rxa4 34. Rxa4 e5 35. Be3 Nd5 36. Rc4 Kf5 37. Bd2 e4 38. Kg2 Ke5 39. Kh3 g6 40. Kh4 Ne7 41. Kg5 Rf6 42. Bc3+ Ke6 43. Bxf6 1-0


[Site "https://www.chess.com"]

[Event "Titled Tuesday Blitz April 19 Late 2022"]
[White "Vasquez Schroeder, Rodrigo"]
[Black "Krishnakumar, Sriram"]
[WhiteFideId "3400042"]
[BlackFideId "30915856"]
[WhiteElo "2561"]
[BlackElo "2437"]
[Result "1-0"]
[Round "04"]
[TimeControl "180+1"]
[Date "2022.04.19"]
[WhiteClock "0:00:25"]
[BlackClock "0:00:19"]

1. e4 e5 2. Nf3 Nc6 3. Bb5 a6 4. Ba4 Nf6 5. O-O b5 6. Bb3 Bc5 7. Re1 d6 8. c3 h6 9. d3 O-O 10. Be3 Bxe3 11. fxe3 Be6 12. Nbd2 d5 13. exd5 Bxd5 14. e4 Bxb3 15. Nxb3 Qe7 16. Qe2 a5 17. h3 a4 18. Nbd2 Nh5 19. Qe3 Nf4 20. d4 Rad8 21. d5 Nb8 22. b3 Nd7 23. Kh2 Qc5 24. Qxc5 Nxc5 25. Nxe5 Rfe8 26. Nc6 Rd6 27. c4 bxc4 28. bxc4 Rg6 29. g3 Nfd3 30. Re3 Nf2 31. e5 Nfd3 32. Rf1 Rg5 33. Nf3 Rf5 34. Ncd4 Rfxe5 35. Nxe5 Nxe5 36. Rfe1 f6 37. Kg2 Kf7 38. Nc6 h5 39. Nxe5+ fxe5 40. Rxe5 Rxe5 41. Rxe5 g6 42. Kf3 Kf6 43. Re3 Kf7 44. Kf4 Kf6 45. h4 Nd7 46. Re6+ Kf7 47. Rc6 1-0


[Site "https://www.chess.com"]

[Event "Titled Tuesday Blitz April 19 Late 2022"]
[White "Vovk, Orest"]
[Black "Marin Masis, Jose Esteban"]
[WhiteFideId "14113490"]
[BlackFideId "6508146"]
[WhiteElo "2203"]
[BlackElo "1710"]
[Result "1-0"]
[Round "04"]
[TimeControl "180+1"]
[Date "2022.04.19"]
[WhiteClock "0:00:30"]
[BlackClock "0:00:17"]

1. h4 e5 2. h5 d5 3. h6 Nxh6 4. d4 e4 5. Bxh6 gxh6 6. e3 Nc6 7. Ne2 Be6 8. Nf4 Qd7 9. a3 O-O-O 10. c4 dxc4 11. Nc3 Bg4 12. Qa4 Kb8 13. Bxc4 Bd6 14. Nfd5 f5 15. Rxh6 Qg7 16. Rf6 f4 17. Nxe4 fxe3 18. fxe3 Bg3+ 19. Kd2 Bh4 20. Rxc6 Bd7 21. Bb5 Qxg2+ 22. Kd3 Rhe8 23. Nec3 Bxc6 24. Bxc6 Qg6+ 25. e4 Qxc6 26. Qxc6 bxc6 27. Nb4 Kb7 28. Rh1 c5 29. Nbd5 c6 30. Rxh4 cxd5 31. Rxh7+ Kb8 32. Nxd5 cxd4 33. Kxd4 Rh8 34. Re7 Rh2 35. b4 Rh3 36. a4 Rh1 37. a5 Rb1 38. Kc5 Rc1+ 39. Kb5 Rd1 40. a6 Re1 41. Rb7+ Ka8 42. Nc7# 1-0


[Site "https://www.chess.com"]

[Event "Titled Tuesday Blitz April 19 Late 2022"]
[White "Wachinger, Guenther"]
[Black "Taichman, Ori"]
[WhiteFideId "4604261"]
[BlackFideId "2804069"]
[WhiteElo "2212"]
[BlackElo "2227"]
[Result "1-0"]
[Round "04"]
[TimeControl "180+1"]
[Date "2022.04.19"]
[WhiteClock "0:00:02"]
[BlackClock "0:00:09"]

1. e4 c5 2. Nf3 Nc6 3. d4 cxd4 4. Nxd4 d5 5. Nc3 dxe4 6. Bb5 Bd7 7. O-O Nf6 8. Re1 Nxd4 9. Qxd4 Bxb5 10. Nxb5 a6 11. Qxd8+ Rxd8 12. Nc3 e6 13. Bg5 Be7 14. Nxe4 Nxe4 15. Bxe7 Kxe7 16. Rxe4 Rc8 17. c3 Rhd8 18. Re2 Rd5 19. f3 e5 20. Kf2 Ke6 21. Rae1 Rcd8 22. Ke3 Rd3+ 23. Kf2 f6 24. Re3 Rd2+ 25. R3e2 h5 26. Rxd2 Rxd2+ 27. Re2 Rd1 28. Re1 Rxe1 29. Kxe1 h4 30. Ke2 g5 31. Ke3 f5 32. c4 Kd6 33. b4 Kc6 34. Kd3 a5 35. a3 axb4 36. axb4 b6 37. Ke3 Kd6 38. Kd3 Kc6 39. Ke3 Kd6 40. g4 hxg3 41. hxg3 f4+ 42. gxf4 gxf4+ 43. Ke4 Ke6 44. c5 b5 45. c6 Kd6 46. c7 Kxc7 47. Kxe5 Kc6 48. Ke6 Kc7 49. Kd5 Kd7 50. Kc5 Ke6 51. Kxb5 Kd5 52. Ka5 Kd4 53. b5 Ke3 54. b6 Kxf3 55. b7 Kg2 56. b8=Q f3 57. Qg8+ Kf1 58. Qc4+ Kg1 59. Qc1+ Kg2 60. Qg5+ Kf1 61. Kb4 f2 62. Kc3 Ke1 63. Qe3+ Kf1 64. Qg3 Ke2 65. Qd3+ Ke1 66. Kc2 f1=Q 67. Qd2# 1-0


[Site "https://www.chess.com"]

[Event "Titled Tuesday Blitz April 19 Late 2022"]
[White "Wagner, Dennis"]
[Black "Prohorov, Olexandr"]
[WhiteFideId "24650684"]
[BlackFideId "14105578"]
[WhiteElo "2355"]
[BlackElo "1993"]
[Result "1-0"]
[Round "04"]
[TimeControl "180+1"]
[Date "2022.04.19"]
[WhiteClock "0:00:03"]
[BlackClock "0:00:05"]

1. d4 g6 2. c4 Bg7 3. Nc3 c5 4. e3 Nf6 5. Nf3 O-O 6. dxc5 Na6 7. Nd4 Nxc5 8. b4 Nce4 9. Bb2 Nxc3 10. Bxc3 d5 11. Qb3 Ne4 12. Bb2 a5 13. cxd5 axb4 14. Bc4 e5 15. dxe6 fxe6 16. Bxe6+ Kh8 17. O-O Qe7 18. Rad1 Ra6 19. Bxc8 Rxc8 20. Nf3 Rca8 21. Bxg7+ Qxg7 22. Qxb4 Ra4 23. Qb6 Nc3 24. Rd8+ Rxd8 25. Qxd8+ Qg8 26. Qd2 Qg7 27. Rc1 Rxa2 28. Qd8+ Qg8 29. Qd4+ Qg7 30. Kf1 Qxd4 31. Nxd4 Ne4 32. Rc2 Ra1+ 33. Ke2 Kg7 34. f3 Nd6 35. Rb2 Ra3 36. g4 Kf6 37. Rb6 Ke7 38. e4 Ra2+ 39. Kd3 Rxh2 40. e5 Nf7 41. Rxb7+ Ke8 42. Ke4 h5 43. gxh5 Rxh5 44. f4 Rh4 45. Nf3 Rg4 46. Ra7 g5 47. Nxg5 Rxf4+ 48. Kxf4 Nh6 49. e6 1-0


[Site "https://www.chess.com"]

[Event "Titled Tuesday Blitz April 19 Late 2022"]
[White "Wu, Derek"]
[Black "Ansh M Shah"]
[WhiteFideId "30914558"]
[BlackFideId "25033379"]
[WhiteElo "2071"]
[BlackElo "1819"]
[Result "1-0"]
[Round "04"]
[TimeControl "180+1"]
[Date "2022.04.19"]
[WhiteClock "0:00:17"]
[BlackClock "0:00:13"]

1. Nf3 Nf6 2. d4 g6 3. c4 d5 4. Nc3 Bg7 5. e3 O-O 6. cxd5 Nxd5 7. Bc4 Nxc3 8. bxc3 c5 9. O-O b6 10. a4 Ba6 11. Bxa6 Nxa6 12. a5 cxd4 13. cxd4 Qd5 14. axb6 axb6 15. Qe2 Nc7 16. e4 Qb5 17. Qxb5 Nxb5 18. Rxa8 Rxa8 19. Be3 Ra4 20. e5 f6 21. h4 fxe5 22. dxe5 Nc3 23. Kh2 Ne2 24. g3 b5 25. Rd1 h6 26. h5 gxh5 27. e6 b4 28. Rd8+ Kh7 29. Rb8 Nc3 30. Nh4 Nd5 31. Nf5 Nxe3 32. Nxe3 Ra2 33. Kg2 Rb2 34. Nf5 Bf6 35. Rb7 Kg6 36. Nxe7+ Bxe7 37. Rxe7 Kf6 38. Re8 b3 39. Rh8 Re2 40. Rxh6+ Ke7 41. Rxh5 b2 42. Rb5 Kxe6 43. Kf3 Rc2 44. g4 Kf6 45. Kg3 Rc3+ 46. f3 Rc2 47. Kf4 Rc4+ 48. Kg3 Rc2 49. f4 Ke6 50. g5 Kd6 51. Kg4 Kc6 52. Rb8 Kc5 53. g6 Kc4 54. Kf5 Kc3 55. g7 Rg2 56. Kf6 Kc2 57. f5 b1=Q 58. Rxb1 Kxb1 59. Kf7 Kc2 60. f6 Kd3 61. g8=Q Rxg8 62. Kxg8 Ke4 63. f7 1-0


[Site "https://www.chess.com"]

[Event "Titled Tuesday Blitz April 19 Late 2022"]
[White "Yedidia, Daniel"]
[Black "Shimanov, Aleksandr"]
[WhiteFideId "30905907"]
[BlackFideId "4198603"]
[WhiteElo "2619"]
[BlackElo "2636"]
[Result "0-1"]
[Round "04"]
[TimeControl "180+1"]
[Date "2022.04.19"]
[WhiteClock "0:00:12"]
[BlackClock "0:00:25"]

1. d4 Nf6 2. c4 g6 3. Nc3 Bg7 4. e4 O-O 5. Nf3 d6 6. Be2 Na6 7. O-O e5 8. Be3 c6 9. d5 Ng4 10. Bg5 f6 11. Bh4 c5 12. Ne1 h5 13. Bxg4 hxg4 14. f3 gxf3 15. Qxf3 g5 16. Bf2 f5 17. exf5 Bxf5 18. Qe2 e4 19. Nc2 Nb4 20. Ne3 Bg6 21. Qg4 Nd3 22. Qe6+ Bf7 23. Qxe4 Nxb2 24. Qc2 Qa5 25. Nb5 Qa4 26. Qe4 Rae8 27. Qg4 Rxe3 28. Bxe3 Qxc4 29. Qxg5 Qxb5 30. Rab1 Re8 31. Bd2 Qd3 32. Rxb2 Qd4+ 33. Rf2 Qxb2 34. h3 Qe5 35. Qg4 Bxd5 36. Bf4 Qd4 37. Bg3 Qxg4 38. hxg4 Bd4 0-1


[Site "https://www.chess.com"]

[Event "Titled Tuesday Blitz April 19 Late 2022"]
[White "Yurasova, Daria"]
[Black "Veiga, Emerson de Sousa"]
[WhiteFideId "34146919"]
[BlackFideId "2151898"]
[WhiteElo "2064"]
[BlackElo "2034"]
[Result "0-1"]
[Round "04"]
[TimeControl "180+1"]
[Date "2022.04.19"]
[WhiteClock "0:00:02"]
[BlackClock "0:00:25"]

1. d4 Nf6 2. Nf3 e6 3. c4 Bb4+ 4. Bd2 a5 5. g3 O-O 6. Bg2 d5 7. O-O dxc4 8. Bxb4 axb4 9. Ne5 Nc6 10. Nxc6 bxc6 11. Bxc6 Ra6 12. Bb5 Rd6 13. Bxc4 Rxd4 14. Qc2 Bb7 15. e3 Rd6 16. a3 Ne4 17. h4 c5 18. axb4 cxb4 19. Ra7 Ba8 20. Bd3 f5 21. Be2 Nd2 22. Nxd2 Rxd2 23. Qc4 Bd5 24. Qb5 Qb8 25. Qxb8 Rxb8 26. Bh5 Rxb2 27. Rc1 g6 28. Bd1 Rb7 29. Ra8+ Kg7 30. f4 Rd7 31. Re8 b3 32. h5 gxh5 33. Bxh5 Rd2 34. Rcc8 b2 35. Rg8+ Kh6 36. Rg5 b1=Q+ 0-1


[Site "https://www.chess.com"]

[Event "Titled Tuesday Blitz April 19 Late 2022"]
[White "Zakhartsov, Vladimir"]
[Black "Ezat, Mohamed"]
[WhiteFideId "4145097"]
[BlackFideId "10600906"]
[WhiteElo "2491"]
[BlackElo "2386"]
[Result "0-1"]
[Round "04"]
[TimeControl "180+1"]
[Date "2022.04.19"]
[WhiteClock "0:00:02"]
[BlackClock "0:00:05"]

1. d4 Nf6 2. c4 g6 3. Nc3 Bg7 4. e4 d6 5. h3 O-O 6. Be3 e5 7. d5 Na6 8. g4 Nc5 9. f3 Nfd7 10. b4 Na6 11. a3 Bh6 12. Qd2 Bxe3 13. Qxe3 c5 14. dxc6 bxc6 15. Rd1 Nc7 16. Rxd6 Ne6 17. Nge2 a5 18. b5 c5 19. Nd5 Nd4 20. Kf2 Qh4+ 21. Kg2 f5 22. Nxd4 fxe4 23. Qxe4 cxd4 24. Bd3 Nc5 25. Qe2 Bb7 26. Be4 Rae8 27. Qe1 Qh6 28. h4 Bxd5 29. Bxd5+ Kh8 30. h5 Nd3 31. Qd1 Qe3 32. Rf1 Nf4+ 33. Kh1 e4 34. Bxe4 Rxe4 35. hxg6 Re7 36. Qxd4+ Qxd4 37. Rxd4 Ne2 38. g7+ Rxg7 39. Rd2 Ng3+ 40. Kg2 Nxf1 41. Kxf1 Rxf3+ 42. Ke2 Rf4 43. c5 Re7+ 44. Kd1 Rc4 45. c6 Kg7 46. Rc2 Rxc2 47. Kxc2 Re5 48. a4 Kf6 49. Kd3 Ke6 50. Kd4 Kd6 0-1


[Site "https://www.chess.com"]

[Event "Titled Tuesday Blitz April 19 Late 2022"]
[White "Zhao, Jun"]
[Black "Esipenko, Andrey"]
[WhiteFideId "8602522"]
[BlackFideId "24175439"]
[WhiteElo "2547"]
[BlackElo "2617"]
[Result "1-0"]
[Round "04"]
[TimeControl "180+1"]
[Date "2022.04.19"]
[WhiteClock "0:00:03"]
[BlackClock "0:00:05"]

1. d4 Nf6 2. c4 e6 3. Nf3 d5 4. Nc3 Bb4 5. Bg5 h6 6. Bxf6 Qxf6 7. Qa4+ Nc6 8. e3 O-O 9. Be2 dxc4 10. Qb5 a6 11. Qxc4 Qe7 12. O-O Rd8 13. Rac1 Bd6 14. Ne4 Bd7 15. Nc5 Rab8 16. b4 Be8 17. a3 e5 18. d5 Na7 19. Qc2 c6 20. dxc6 Bxc6 21. Rfd1 Rbc8 22. Ne4 Bb8 23. Rxd8+ Rxd8 24. Nfd2 f5 25. Ng3 g6 26. Nc4 e4 27. Na5 Be8 28. Nf1 Nb5 29. Qb3+ Kg7 30. a4 Nd6 31. g3 Nf7 32. b5 axb5 33. Bxb5 Nd6 34. Bxe8 Rxe8 35. Rb1 Bc7 36. Nc4 Nxc4 37. Qxc4 b6 38. Qc6 h5 39. h4 Qf7 40. Rd1 Re6 41. Qb7 Be5 42. Rd7 Rf6 43. Rxf7+ Rxf7 44. Qxb6 Bc7 45. Qb5 Re7 46. a5 Bd6 47. a6 Kf7 48. Qc4+ Kf6 49. Qc6 Ke6 50. Nd2 Rc7 51. Qe8+ Kf6 52. Qd8+ Ke6 53. Kg2 Ra7 54. Qe8+ Kf6 55. Qc6 Ke7 56. Nc4 Bb4 57. Qb6 Rd7 58. Qxb4+ Ke6 59. Qb6+ Kd5 60. a7 Kxc4 61. a8=Q Kd3 62. Qa3+ 1-0


[Site "https://www.chess.com"]

[Event "Titled Tuesday Blitz April 19 Late 2022"]
[White "Zlatin, Alexander"]
[Black "Yoo, Christopher Woojin"]
[WhiteFideId "2810549"]
[BlackFideId "30909694"]
[WhiteElo "2228"]
[BlackElo "2105"]
[Result "1-0"]
[Round "04"]
[TimeControl "180+1"]
[Date "2022.04.19"]
[WhiteClock "0:00:14"]
[BlackClock "0:00:01"]

1. e4 c5 2. Nf3 e6 3. d4 cxd4 4. Nxd4 Nc6 5. Nb5 Nf6 6. N1c3 Bc5 7. Nd6+ Ke7 8. Nxc8+ Rxc8 9. Be2 Qc7 10. O-O h5 11. Bg5 Kf8 12. h3 Nd4 13. Bd3 Ng4 14. g3 Nxc2 15. Bf4 Nxf2 16. Rxf2 Bxf2+ 17. Kh1 Qb6 18. Qxc2 h4 19. g4 Bg3 20. Bxg3 hxg3 21. Kg2 Qe3 22. Rf1 Qh6 23. Rh1 Rc5 24. Qe2 Qg5 25. Kxg3 a6 26. h4 Qe5+ 27. Kg2 b5 28. a3 Ke7 29. Qf2 Rcc8 30. Rf1 f6 31. Qg3 Qd4 32. Rd1 Qc5 33. Be2 Rc6 34. Bf3 Rd6 35. Rxd6 Qxd6 36. Qxd6+ Kxd6 37. h5 Ke5 38. Kf2 Rc8 39. Ke3 Rc4 40. Be2 Rc8 41. Bd3 Rh8 42. Ne2 Rb8 43. Nf4 a5 44. Ng6+ Kd6 45. Kd4 b4 46. a4 b3 47. Bb5 Rc8 48. Bc4 e5+ 49. Kc3 Kc5 50. Ne7 Rb8 51. Nd5 Kd6 52. Bxb3 Rc8+ 53. Bc4 Kc5 54. b3 Rb8 55. Ne3 Rb6 56. Nf5 Rb8 57. Nxg7 1-0


[Site "https://www.chess.com"]

[Event "Titled Tuesday Blitz April 19 Late 2022"]
[White "Zong, Davis"]
[Black "Gnechko, Ruslan"]
[WhiteFideId "30903955"]
[BlackFideId "14135868"]
[WhiteElo "2061"]
[BlackElo "2289"]
[Result "1-0"]
[Round "04"]
[TimeControl "180+1"]
[Date "2022.04.19"]
[WhiteClock "0:00:09"]
[BlackClock "0:00:13"]

1. e4 c6 2. d4 d5 3. exd5 cxd5 4. Bd3 Nc6 5. c3 Nf6 6. h3 g6 7. Nf3 Bf5 8. Bxf5 gxf5 9. O-O Rg8 10. Bf4 e6 11. Qb3 Qd7 12. Nbd2 Ne4 13. Rfe1 Bd6 14. Bxd6 Qxd6 15. c4 Nxd2 16. Nxd2 Nxd4 17. Qxb7 Rb8 18. Qxa7 dxc4 19. Qa4+ Kf8 20. Rab1 Qf4 21. Qa3+ Ke8 22. Qe3 Qh4 23. Nxc4 Rd8 24. Red1 f4 25. Rxd4 Rxd4 26. Qxd4 Qxh3 27. Qe4 Qg4 28. Ne5 Qg7 29. Rd1 Qf6 30. Qa8+ 1-0


[Site "https://www.chess.com"]